 Dungeon Crawl Stone Soup version 0.31-a0-1-g4198be8af4 (webtiles) character file.

Game seed: 16849421317167061808

16 snarfax the Ruffian (level 2, 0/24 HPs)
             Began as a Ghoul Gladiator on May 1, 2023.
             Slain by a rat (1 damage)
             ... on level 1 of the Dungeon.
             The game lasted 00:00:50 (127 turns).

snarfax the Ruffian (Ghoul Gladiator)                Turns: 127, Time: 00:00:51

Health: 0/24       AC:  4    Str: 17    XL:     2   Next: 58%
Magic:  1/1        EV: 12    Int:  3    God:
Gold:   19         SH:  0    Dex: 10    Spells: 1/1 levels left

rFire   . .          .
                       - Unarmed
rCold   + . .        (no shield)
rNeg    + + +        a - +0 leather armour
rPois   ∞            b - +0 helmet
rElec   .            (no cloak)
rCorr   .            (no gloves)
SInv    .            (no boots)
Will    .....        (no amulet)
Stlth   +            (no ring)
HPRegen 0.00/turn    (no ring)
MPRegen 0.07/turn

%: no passive effects
@: inhibited regen
A: claws 1, cold resistance 1, negative energy resistance 3, inhibited
regeneration, torment resistance 2, devour on kill
a: no special abilities


You were on level 1 of the Dungeon.
You visited 1 branch of the dungeon, and saw 1 of its levels.

You collected 19 gold pieces.

Inventory:

Missiles
 c - 3 throwing nets (quivered)
 d - a javelin
 f - 2 poisoned darts
Armour
 a - a +0 leather armour (worn)
 b - a +0 helmet (worn)
Potions
 e - a potion of curing {unknown}


   Skills:
 - Level 2.1 Fighting
 - Level 1.7 Throwing
 - Level 2.6 Dodging
 + Level 4.2 Unarmed Combat


You had one spell level left.
You didn't know any spells.
Your spell library contained the following spells:

 Spells                   Type           Power      Damage    Failure   Level
 Olgreb's Toxic Radiance  Pois           0%         N/A       100%        4
 Discord                  Hex            0%         N/A       100%        8
 Ignition                 Fire           0%         3d3       100%        8


Dungeon Overview and Level Annotations

Branches:
Dungeon (1/15)

Altars:


Innate Abilities, Weirdness & Mutations

You are immune to poison.
You have sharp fingernails.
Your flesh is cold resistant. (rC+)
You are immune to negative energy. (rN+++)
You do not regenerate when monsters are visible.
You are immune to unholy pain and torment.
You thrive by killing the living.


Message History

You barely miss the gnoll.
The gnoll is heavily wounded.
The rat barely misses you. The gnoll hits you with a +0 spear!
You are too injured to fight recklessly!
You are too injured to fight recklessly!
You scratch the gnoll.
The gnoll is severely wounded.
The rat misses you. The gnoll misses you.
You barely miss the gnoll.
The gnoll is severely wounded.
The rat bites you. The gnoll hits you with a +0 spear.
You closely miss the gnoll.
The gnoll is severely wounded.
The rat bites you.
* * * LOW HITPOINT WARNING * * *
The gnoll hits you but does no damage.
You scratch the gnoll.
The gnoll is almost dead.
The gnoll hits you with a +0 spear.
* * * LOW HITPOINT WARNING * * *
The rat closely misses you.
You barely miss the gnoll.
The gnoll is almost dead.
The rat bites you but does no damage. The gnoll misses you.
You closely miss the gnoll.
The gnoll is severely wounded.
The gnoll hits you with a +0 spear.
* * * LOW HITPOINT WARNING * * *
The rat closely misses you.
You claw the gnoll!
You kill the gnoll!
The rat barely misses you.
Your Unarmed Combat skill increases to level 4!
You scratch the endoplasm.
The endoplasm is severely wounded.
The endoplasm barely misses you. The rat bites you but does no damage.
You claw the endoplasm!
You kill the endoplasm!
The rat bites you.
You die...

#.....###......#
##....##.......#
#.............######
#....#)............####
#####.........####....#
#..#....#########.######
###.........##~~~~#'#~~~~##
#.........#r#~~~~~#.#~~~~~#
#.#.#.....#@#~~#~~#.#~~#~~#
#....>....).#~~~~~#.#~~~~~#
###......####~~~~~#.#~~☼~~#
##..#### #~~○~~#<#☼~~~~#
####....## #~°~~~#.#~~~~~#
#........# #~~#~ #.# ~#~°#
#......g.# #~~~~~#.#÷~~~~#
#........####~~○~~#.#~~~~~#
#.....†.....## ~~~#+#~~~


You could see a rat.

Vanquished Creatures
  A gnoll (D:1)
  An endoplasm (D:1)
  A goblin (D:1)
  2 hobgoblins (D:1)
  A quokka (D:1)
  A bat (D:1)
  2 frilled lizards (D:1)
9 creatures vanquished.

Notes
Turn   | Place    | Note
-------+----------+-------------------------------------------
     0 | D:1      | snarfax the Ghoul Gladiator began the quest for the Orb.
     0 | D:1      | Reached XP level 1. HP: 17/17 MP: 0/0
   110 | D:1      | Reached XP level 2. HP: 24/24 MP: 1/1
   124 | D:1      | HP: 1/24 [gnoll/+0 spear (3)]
   126 | D:1      | Reached skill level 4 in Unarmed Combat
   127 | D:1      | Slain by a rat

Illustrated notes

Levels and vault maps discovered:
D:1:      saegor_arrival_miasma, layout_basic

Skill      XL: |  1  2 |
---------------+-------+-----
Unarmed Combat | 4 |  4.2
Fighting       | |  2.1
Throwing       | |  1.7
Dodging        | |  2.6

Action                     || total
---------------------------++-------
  Melee: Unarmed           ||    29
         Punch             ||     1
 Armour: Leather armour    ||     9
  Dodge: Dodged            ||    19

Table legend: (Time is in decaauts)
 A = Elapsed time spent in this place.
 B = Non-inter-level travel time spent in this place.
 C = Inter-level travel time spent in this place.
 D = Time resting spent in this place.
 E = Time spent auto-exploring this place.
 F = Levels seen in this place.
 G = Mean time per level.
                   A        B        C        D        E       F      G
               +--------+--------+--------+--------+--------+-----+--------+
         Total |    125 |    125 |      0 |      0 |     46 |   1 |  125.0 |
       Dungeon |    125 |    125 |      0 |      0 |     46 |   1 |  125.0 |
               +--------+--------+--------+--------+--------+-----+--------+

Top non-repeatable levels by time:
     D:1: 125 daAuts
